Map: Moonlight Madness LE (Void)

Players

SticklerMac

  • Race: Zerg Zerg
  • League: Silver

MasterBetty - Winner!

  • Race: Protoss Protoss
  • League: Silver

VOD

Have the link to the VOD?

Description

Time

  • Played on: Aug. 23, 2015, 10:36 a.m.
  • Length: 21:00
Show
View Real Time Build Order
Export as new Build Order

SticklerMac Zerg 

Build Orders: Hatch First 

Get SALT Encoding   

  12  0:01  Drone  
  13  0:12  Overlord  
  13  0:17  Drone  
  14  0:31  Drone x2  
  14  0:34  Drone  
  17  0:45  Drone  
  18  0:59  Hatchery, Drone  
  18  1:08  Drone  
  19  1:20  Drone  
  19  1:24  Spawning Pool  
  19  1:27  Extractor  
  18  1:34  Drone  
  19  1:46  Drone  
  20  1:52  Drone  
  20  2:01  Overlord  
  20  2:14  Queen  
  22  2:22  Queen  
  24  2:25  Hatchery, Drone  
  24  2:33  Drone x2  
  24  2:36  Drone  
  27  2:45  Drone x2  
  27  2:46  Drone  
  27  2:49  Drone  
  31  2:54  Drone  
  32  3:00  Drone  
  32  3:04  Lair  
  33  3:06  Drone  
  33  3:08  Drone  
  35  3:16  Drone  
  35  3:19  Extractor  
  35  3:21  Drone  
  35  3:22  Extractor x2  
  35  3:23  Overlord x2  
  34  3:29  Overlord  
  34  3:43  Drone  
  34  3:44  Drone x5  
  40  3:49  Queen  
  42  4:00  Spore Crawler  
  42  4:02  Spore Crawler  
  40  4:05  Spore Crawler  
  40  4:09  Spore Crawler  
  38  4:17  Spore Crawler, Drone x2  
  38  4:20  Drone  
  40  4:35  Drone x2  
  40  4:36  Drone x3  
  40  4:37  Drone  
  46  4:50  Drone, Spire  
  46  4:53  Drone  
  46  4:56  Drone  
  46  4:57  Drone  
  46  4:59  Drone  
  49  5:01  Drone  
  50  5:08  Spore Crawler  
  49  5:15  Drone x5  
  49  5:16  Drone  
  49  5:20  Drone x2  
  49  5:21  Drone  
  58  5:24  Overlord  
  58  5:27  Overlord  
  58  5:31  Overlord  
  58  5:33  Overlord  
  58  5:38  Overlord  
  58  5:41  Overlord  
  58  6:06  Mutalisk  
  58  6:07  Mutalisk x9  
  58  6:09  Spore Crawler  
  77  6:24  Mutalisk x5  
  87  6:28  Overlord x3  
  87  6:35  Mutalisk  
  89  6:42  Mutalisk  
  89  6:45  Drone x5  
  89  6:46  Drone x2  
  98  6:48  Extractor  
  98  6:49  Extractor  
  98  6:51  Drone x2  
  98  7:01  Mutalisk  
  98  7:02  Mutalisk  
  102  7:12  Mutalisk  
  104  7:18  Drone x4  
  104  7:19  Drone x2  
  104  7:20  Drone  
  104  7:22  Drone x2  
  113  7:23  Hatchery  
  112  7:33  Mutalisk x2  
  112  7:36  Hatchery  
  108  7:46  Mutalisk x2  
  110  8:05  Mutalisk x2  
  110  8:08  Mutalisk  
  112  8:19  Drone x2  
  114  8:20  Overlord  
  114  8:21  Overlord x6  
  114  8:22  Overlord x3  
  114  8:29  Overlord x2  
  114  8:34  Queen  
  114  8:37  Queen  
  118  8:42  Queen  
  118  8:43  Queen  
  122  8:52  Spore Crawler  
  105  9:10  Mutalisk x5, Queen  
  105  9:11  Mutalisk x3  
  117  9:20  Mutalisk x2  
  113  9:33  Mutalisk  
  95  9:47  Mutalisk x2  
  95  9:51  Mutalisk  
  101  9:54  Zergling x2  
  101  9:55  Zergling x32  
  101  9:56  Zergling x6  
  117  10:22  Mutalisk x4  
  123  10:31  Queen  
  123  10:35  Drone x3  
  126  10:37  Drone x3  
  126  10:40  Drone x5  
  131  10:43  Mutalisk x3  
  131  10:55  Mutalisk x2  
  132  11:03  Drone  
  132  11:04  Drone x7  
  133  11:05  Drone x5  
  140  11:12  Mutalisk x3  
  140  11:17  Extractor  
  140  11:18  Drone x3, Extractor  
  146  11:21  Extractor  
  146  11:23  Drone x3, Extractor  
  146  11:24  Drone x3  
  151  11:34  Mutalisk x3  
  156  11:42  Zerg Flyer Armor Level 1  
  156  11:51  Spore Crawler  
  156  11:53  Spore Crawler  
  154  11:55  Spore Crawler  
  154  11:57  Spore Crawler  
  154  11:59  Spore Crawler  
  154  12:00  Spore Crawler  
  150  12:03  Spore Crawler x2  
  150  12:04  Spore Crawler, Drone  
  148  12:13  Mutalisk x4  
  148  12:14  Mutalisk x2  
  160  12:18  Mutalisk  
  160  12:21  Mutalisk  
  164  12:24  Overlord x2  
  164  12:25  Overlord x2  
  164  12:26  Zergling x4  
  164  12:27  Zergling x26  
  179  12:32  Mutalisk  
  179  12:35  Overlord x2  
  179  12:36  Overlord x2  
  179  13:02  Mutalisk x4  
  179  13:03  Mutalisk x4  
  195  13:06  Mutalisk  
  196  13:18  Mutalisk x2  
  196  13:19  Mutalisk  
  174  13:42  Corruptor  
  174  13:43  Corruptor x4  
  182  13:51  Mutalisk x2  
  182  13:55  Corruptor  
  182  13:57  Corruptor  
  182  14:02  Corruptor  
  184  14:07  Corruptor  
  188  14:12  Mutalisk  
  188  14:14  Corruptor  
  188  14:23  Corruptor  
  190  14:29  Corruptor  
  186  14:36  Corruptor  
  184  14:41  Corruptor  
  186  14:46  Corruptor  
  186  14:51  Corruptor x2  
  190  14:57  Corruptor  
  192  15:02  Corruptor  
  182  15:14  Corruptor x2  
  186  15:25  Corruptor  
  185  15:37  Corruptor  
  142  16:23  Spire  
  105  16:56  Hatchery  
  105  16:57  Hatchery  
  81  17:42  Drone x2  
  81  17:43  Drone x4  
  81  17:44  Drone  
  82  17:58  Mutalisk  
  82  17:59  Mutalisk  
  82  18:00  Mutalisk x3  
  92  18:19  Queen  
  94  18:21  Queen  
  96  18:31  Extractor  
  96  18:33  Extractor  
  94  18:54  Extractor  
  94  18:55  Infestation Pit, Extractor  
  91  18:57  Lair  
  87  19:40  Corruptor  
  87  19:41  Corruptor x4  
  91  20:16  Hatchery  
  91  20:20  Hatchery  
  89  20:22  Extractor  
  89  20:24  Extractor  
Show
View Real Time Build Order
Export as new Build Order

MasterBetty Protoss - Winner!

Build Orders: Oracle Opening 

Get SALT Encoding   

  12  0:13  Probe  
  13  0:15  Pylon  
  13  0:25  Probe  
  14  0:38  Probe  
  14  0:41  Gateway  
  15  0:50  Probe  
  16  1:02  Probe  
  17  1:14  Probe  
  18  1:22  Assimilator  
  18  1:26  Probe, Assimilator  
  18  1:29  Pylon  
  19  1:36  Cybernetics Core  
  19  1:51  Forge  
  19  2:02  Nexus  
  19  2:07  Warp Gate  
  19  2:14  Probe  
  20  2:27  Photon Cannon  
  20  2:31  Stalker  
  20  2:34  Probe  
  23  2:46  Probe  
  24  2:58  Probe  
  24  3:01  Stargate  
  25  3:10  Assimilator  
  25  3:13  Probe  
  25  3:14  Assimilator  
  25  3:17  Probe  
  27  3:25  Probe  
  28  3:29  Probe  
  29  3:37  Probe  
  30  3:41  Probe  
  30  3:45  Oracle  
  34  3:50  Mothership Core  
  34  3:53  Probe  
  37  4:04  Stargate  
  37  4:05  Probe  
  37  4:07  Photon Cannon  
  38  4:17  Probe  
  38  4:18  Probe  
  38  4:23  Phoenix  
  42  4:29  Probe  
  42  4:30  Probe  
  44  4:42  Probe x2  
  46  4:55  Probe x2  
  45  5:04  Pylon  
  45  5:06  Pylon  
  45  5:10  Phoenix  
  45  5:13  Probe  
  46  5:20  Nexus  
  46  5:22  Phoenix  
  46  5:26  Probe  
  46  5:27  Pylon  
  49  5:37  Stargate  
  49  5:38  Probe, Phoenix  
  49  5:39  Pylon  
  52  5:47  Probe  
  52  5:48  Stargate  
  53  5:58  Photon Cannon  
  53  5:59  Probe  
  54  6:07  Phoenix  
  54  6:08  Phoenix  
  54  6:09  Photon Cannon  
  58  6:11  Probe  
  59  6:21  Probe  
  59  6:24  Probe  
  61  6:31  Phoenix x2  
  61  6:32  Phoenix  
  67  6:33  Probe  
  67  6:35  Protoss Air Weapons Level 1  
  67  6:36  Probe  
  69  6:40  Probe  
  69  6:45  Probe  
  71  6:48  Photon Cannon  
  71  6:52  Probe, Photon Cannon  
  72  6:55  Photon Cannon  
  72  7:04  Probe  
  73  7:12  Phoenix x3  
  73  7:15  Phoenix  
  81  7:16  Probe  
  82  7:29  Probe  
  83  8:12  Phoenix x3  
  87  8:14  Phoenix  
  91  8:20  Fleet Beacon  
  91  8:23  Probe, Photon Cannon  
  91  8:25  Pylon  
  92  8:27  Assimilator  
  92  8:32  Assimilator  
  92  8:35  Probe  
  92  8:41  Pylon  
  73  9:30  Carrier x3  
  66  9:43  Probe  
  66  9:45  Probe  
  68  9:47  Probe  
  87  9:55  Probe  
  87  9:57  Probe  
  87  9:59  Probe  
  90  10:00  Photon Cannon  
  90  10:03  Photon Cannon  
  90  10:05  Carrier  
  90  10:07  Probe  
  90  10:09  Probe  
  90  10:11  Probe  
  93  10:19  Probe  
  94  10:21  Probe  
  94  10:23  Probe  
  102  10:29  Graviton Catapult  
  102  10:31  Probe  
  102  10:33  Probe  
  102  10:35  Probe  
  105  10:43  Probe  
  106  10:55  Probe  
  107  11:01  Photon Cannon  
  107  11:07  Probe  
  107  11:10  Photon Cannon  
  108  11:19  Carrier  
  108  11:21  Photon Cannon, Carrier  
  108  11:22  Photon Cannon  
  108  11:23  Pylon  
  108  11:24  Carrier  
  108  11:25  Protoss Shields Level 1, Pylon  
  108  11:26  Anion Pulse-Crystals  
  108  11:27  Pylon  
  108  11:30  Pylon  
  108  11:31  Pylon  
  108  11:46  Carrier  
  126  12:05  Probe  
  133  12:17  Probe  
  133  12:18  Nexus  
  134  12:31  Pylon  
  134  12:35  Protoss Air Weapons Level 2, Carrier x2  
  134  12:41  Cybernetics Core  
  142  13:05  Photon Cannon  
  142  13:06  Photon Cannon  
  142  13:09  Photon Cannon  
  142  13:11  Photon Cannon  
  133  13:35  Carrier  
  133  13:36  Carrier  
  133  13:39  Carrier  
  143  14:21  Carrier  
  149  14:48  Protoss Air Armor Level 1  
  149  15:18  Nexus  
  149  15:26  Carrier  
  147  15:31  Carrier  
  147  15:49  Carrier  
  147  15:50  Carrier  
  113  16:17  Pylon  
  125  16:30  Probe  
  125  16:31  Carrier, Assimilator  
  124  16:42  Probe  
  107  17:08  Photon Cannon  
  107  17:09  Photon Cannon  
  107  17:12  Photon Cannon  
  107  17:22  Assimilator  
  105  17:53  Protoss Air Weapons Level 3  
  105  18:03  Pylon  
  105  18:04  Carrier x3  
  105  18:05  Photon Cannon  
  105  18:15  Nexus  
  105  18:17  Pylon  
  105  18:20  Photon Cannon  
  123  18:28  Protoss Air Armor Level 2  
  123  18:39  Assimilator  
  123  18:43  Mothership Core  
  123  18:44  Assimilator  
  125  18:57  Photon Cannon  
  125  18:59  Photon Cannon  
  125  19:01  Photon Cannon  
  125  19:02  Pylon  
  125  19:18  Twilight Council  
  122  19:51  Probe  
  123  20:00  Photon Cannon  
  123  20:03  Probe, Pylon  
  148  20:15  Probe  
  149  20:27  Probe  
  150  20:39  Probe  
Tags
 
Add a new tag
Caveats
  • Supply blocks, unpowered buildings, or Contaminate may cause inaccurate times.
  • Supply counts are checked every 10 seconds.